[Event "Early-Titled-Tuesday-Blitz-October-03-2023"]
[Site "Chess.com"]
[Date "2023.10.03"]
[Round "5"]
[White "Jospem"]
[Black "chesskov1982"]
[Result "1-0"]
[WhiteElo "3063"]
[BlackElo "2825"]
[TimeControl "180+1"]
[EndTime "8:56:38 PDT"]
[Termination "Jospem won by resignation"]

1. e4 c6 2. d4 d5 3. e5 c5 4. Nf3 Nc6 5. dxc5 Bg4 6. c3 e6 7.
Be3 Bxf3 8. Qxf3 Nxe5 9. Bb5+ Nc6 10. c4 Nf6 11. Nc3 Be7 12. O-O O-O 13. Rfd1 Qa5 14. cxd5 Nxd5 15. Nxd5 exd5 16. Bf1 d4 17. Bxd4 Nxd4 18.
Rxd4 Bxc5 19. Rd7 Rad8 20. Rxb7 Rd2 21. b4 Rxf2 22. bxa5 Rxf3+ 23. Kh1 Rf2 24. Rc7 Be3 25. Rd1 Rxa2 26. a6 Bb6 27. Re7 Rc8 28. Bc4 Rf2 29. Bd5 g6 30. h3 Rc5 31. Rb7 Rf6 32. Rd7 Kg7 33. Kh2 Kh6 34. h4 Kg7 35. Kh3 h5 36.
Rd3 Rc1 37. Rf3 Rxf3+ 38. gxf3 Rc3 39. Rxf7+ Kh6 40. Rf6 Bd4 41. Re6 Bg1 42. Be4 Bc5 43. Rxg6+ Kh7 44. Rg5+ Kh6 45. Rg6+ Kh7 46. Re6+ Kg7 47.
Kg2 Kf8 48. Re5 Kf7 49. Rxh5 Kf6 50. Rf5+ Ke6 51. Rg5 Bd6 52. h5 Be5 53. h6 Ra3 54. h7 Ra2+ 55. Kf1 Rh2 56. Rg8 Bf6 57. Ra8 Ke5 58. Rf8 Bg5 59. Rf5+ 1-0

[Event "Early-Titled-Tuesday-Blitz-October-03-2023"]
[Site "Chess.com"]
[Date "2023.10.03"]
[Round "5"]
[White "JimDiGrease"]
[Black "sokidze"]
[Result "1-0"]
[WhiteElo "2921"]
[BlackElo "2788"]
[TimeControl "180+1"]
[EndTime "8:56:39 PDT"]
[Termination "JimDiGrease won by checkmate"]

1. d4 d5 2. c4 e6 3. Nf3 Nf6 4. Qc2 Be7 5. cxd5 exd5 6. Bf4 c6 7. e3 Nbd7 8. Nc3 Nf8 9. Bd3 Ng6 10. Bg3 Nh5 11. Be5 Nxe5 12. dxe5 g6 13. O-O O-O 14. h3 Ng7 15. Rfd1 Ne6 16. Ne2 Nc5 17. e4 dxe4 18.
Bxe4 Qb6 19. Ned4 Nxe4 20. Qxe4 c5 21. Nb3 Bf5 22. Qc4 Be6 23. Qc3 Rfd8 24. Nbd2 Qc6 25. Nc4 b5 26. Ne3 Kg7 27. Nd4 Qb6 28. Nxe6+ Qxe6 29. b3 f6 30. a4 bxa4 31. Rxd8 Rxd8 32. Rxa4 Rd7 33. exf6+ Qxf6 34. Qc2 Qf7 35. g3 Rc7 36. Rf4 Qe6 37. Re4 Qf7 38. Nc4 Qf6 39. Qe2 Rd7 40. Re6 Qf7 41. Qe4 Bf6 42. Nd6 Rxd6 43.
Rxd6 Bd4 44. Qf4 Qe7 45. Rc6 Qe1+ 46. Kg2 h5 47. Rc7+ Kh8 48. Qf8# 1-0

[Event "Early-Titled-Tuesday-Blitz-October-03-2023"]
[Site "Chess.com"]
[Date "2023.10.03"]
[Round "5"]
[White "Markov_Mikhail"]
[Black "DefiantChair"]
[Result "0-1"]
[WhiteElo "2692"]
[BlackElo "2547"]
[TimeControl "180+1"]
[EndTime "8:56:39 PDT"]
[Termination "DefiantChair won on time"]

1. c4 e6 2. Nf3 Nf6 3. g3 d5 4.
Bg2 dxc4 5. Qa4+ Nbd7 6. Qxc4 a6 7. O-O b5 8. Qc2 Bb7 9. d3 c5 10. b3 Bd6 11. Bb2 O-O 12. Nbd2 Qe7 13. e4 e5 14. a4 Rad8 15. axb5 axb5 16. Ra7 Rb8 17. Rfa1 Bc7 18. Nf1 Bb6 19. R7a2 Rfd8 20. Ne3 Qe6 21. h4 h6 22. Kh2 Bc7 23. Bh3 Qe8 24. Nf5 Qf8 25. Qc1 Kh7 26. Ra7 g6 27. Ne3 Bb6 28. R7a2 Qe7 29. Qc2 Rbc8 30. Rd1 Rc7 31. Qb1 Rcc8 32. Qa1 Ra8 33. Ng4 Rxa2 34. Qxa2 Nxg4+ 35. Bxg4 Nf6 36. Bh3 Nxe4 37. Nxe5 Nxf2 38. Rf1 c4 39. bxc4 f6 40. Ng4 Nxg4+ 41. Bxg4 f5 42. Bd1 Rxd3 43. Ba1 Qd7 44. Qb1 Rd2+ 45. Kh3 Bg2+ 46. Kh2 Bxf1+ 47. Kh1 Bg2+ 48.
Kh2 Be4+ 0-1

[Event "Early-Titled-Tuesday-Blitz-October-03-2023"]
[Site "Chess.com"]
[Date "2023.10.03"]
[Round "5"]
[White "NowInChess"]
[Black "Magila31"]
[Result "0-1"]
[WhiteElo "2246"]
[BlackElo "2409"]
[TimeControl "180+1"]
[EndTime "8:56:40 PDT"]
[Termination "Magila31 won by checkmate"]

1. e4 g6 2. d4 Bg7 3. Nf3 d6 4. Bc4 a6 5. a4 e6 6. Nc3 Ne7 7.
O-O Nd7 8. Re1 O-O 9. h3 b6 10. Qe2 Bb7 11. Bg5 h6 12. Bh4 g5 13. Bg3 Ng6 14.
Rad1 Nf6 15. e5 Nh5 16. Bh2 Nhf4 17. Qe3 d5 18. Bf1 Rc8 19. g3 Nh5 20. Ne2 c5 21.
c3 cxd4 22. Nexd4 Bh8 23. Bd3 Qd7 24. Ne2 Ng7 25. Qxb6 Rb8 26. Qe3 Qxa4 27. Ra1 Qd7 28. Bxa6 Bxa6 29. Rxa6 Rxb2 30. Ra7 Qc8 31. Rea1 Nf5 32.
Qc1 Rxe2 33. Qa3 Nxe5 34. Nxe5 Bxe5 35. Qxf8+ Qxf8 36. Ra8 Qxa8 37. Rxa8+ Kg7 38. Kf1 Rc2 39. g4 Bxh2 40. gxf5 exf5 41. Rd8 Rxc3 42. Rxd5 Rxh3 43. Kg2 Rh4 44. Rxf5 Bf4 45. Rb5 Kg6 46. Rb6+ f6 47. Rb5 Rh2+ 48. Kg1 Rh3 49. Kg2 Ra3 50. Rd5 h5 51.
Rb5 h4 52. Rb1 h3+ 53. Kh1 Kh5 54. Rd1 Kg4 55. Rg1+ Kf3 56. Rd1 f5 57. Rb1 g4 58.
Rf1 Ra2 59. Rb1 Rxf2 60. Rb3+ Be3 61. Rb1 g3 62. Re1 Rh2# 0-1

[Event "Early-Titled-Tuesday-Blitz-October-03-2023"]
[Site "Chess.com"]
[Date "2023.10.03"]
[Round "5"]
[White "scarabee43"]
[Black "BilodeauA"]
[Result "0-1"]
[WhiteElo "2783"]
[BlackElo "2918"]
[TimeControl "180+1"]
[EndTime "8:56:41 PDT"]
[Termination "BilodeauA won by resignation"]

1. d4 d5 2. Nf3 Nf6 3. c4 dxc4 4. e3 Bg4 5. Bxc4 e6 6. O-O a6 7. h3 Bh5 8. Nc3 Nc6 9. Be2 Bd6 10. e4 Bxf3 11. Bxf3 Nxd4 12. Be3 Be5 13. g3 Nxf3+ 14. Qxf3 O-O 15. Rfd1 Qe7 16. Bd4 Bxd4 17. Rxd4 Rfd8 18.
Rad1 e5 19. Nd5 Nxd5 20. Rxd5 c6 21. R5d3 g6 22. Kg2 h5 23. h4 Kg7 24. a3 a5 25.
R1d2 b5 26. Qd1 Rxd3 27. Rxd3 Ra7 28. Rd6 Rc7 29. Qd2 c5 30. Rd5 b4 31. axb4 axb4 32. b3 c4 33. bxc4 Rxc4 34. Qd3 Qc7 35. Rd7 Qc6 36. Qd5 Qxd5 37. exd5 Rd4 38. Rb7 Kf6 39. d6 Ke6 40. d7 Ke7 41. Kf3 Kd8 42. Ke3 f5 43. f4 Re4+ 44. Kf3 exf4 45. gxf4 Rc4 46. Ke3 Ke7 47. Kf3 Rc3+ 48. Ke2 b3 49. Kd2 Rh3 50. Rb6 Kxd7 51. Rxg6 Rxh4 52. Kc3 Rxf4 53.
Kxb3 Ke7 54. Kc3 Kf7 55. Rh6 h4 56. Kd3 Re4 57. Rh8 Kg7 58. Rh5 Kg6 59. Rh8 Kg5 60.
Rg8+ Kf4 61. Rh8 Kg3 62. Rg8+ Rg4 63. Rh8 h3 64. Ke2 h2 65. Kf1 Rf4+ 66. Ke2 Kg2 67.
Rg8+ Rg4 0-1

[Event "Early-Titled-Tuesday-Blitz-October-03-2023"]
[Site "Chess.com"]
[Date "2023.10.03"]
[Round "5"]
[White "sofaceindisguise"]
[Black "NovoselovRoman"]
[Result "1-0"]
[WhiteElo "2783"]
[BlackElo "2606"]
[TimeControl "180+1"]
[EndTime "8:56:42 PDT"]
[Termination "sofaceindisguise won by checkmate"]

1. d4 d5 2. c4 e6 3. Nc3 Nf6 4. cxd5 exd5 5. Bg5 Be7 6. Qc2 Nc6 7. e3 O-O 8. Nf3 Be6 9. a3 Nd7 10. Bf4 Re8 11. Bd3 Nf8 12. O-O Ng6 13. Bg3 Bd6 14.
b4 Nce7 15. Ne5 Bxe5 16. dxe5 Qd7 17. Rad1 c6 18. f4 Bf5 19. e4 dxe4 20. Bxe4 Bxe4 21. Qxe4 Qf5 22. Qxf5 Nxf5 23. Rd7 Re7 24. Rfd1 Kf8 25. Ne4 Ke8 26. R7d3 h5 27. Nd6+ Nxd6 28. exd6 Re4 29. f5 Ne5 30. d7+ Kd8 31. R3d2 f6 32. Rd6 h4 33. Bf2 Rf4 34. Re6 Nxd7 35. Red6 Rxf5 36. Rxd7+ Ke8 37. Rxb7 a5 38. Re1+ Kf8 39. Bc5+ Kg8 40. Ree7 Rg5 41. h3 axb4 42. Rxb4 Rd8 43. Be3 Rd1+ 44. Kf2 Ra5 45. Rbb7 Rxa3 46. Rxg7+ Kh8 47. Rh7+ Kg8 48. Rbg7+ Kf8 49. Bc5+ Ke8 50. Rg8# 1-0

[Event "Early-Titled-Tuesday-Blitz-October-03-2023"]
[Site "Chess.com"]
[Date "2023.10.03"]
[Round "5"]
[White "Tssunami"]
[Black "ChesscularGodofchess"]
[Result "1-0"]
[WhiteElo "2399"]
[BlackElo "2184"]
[TimeControl "180+1"]
[EndTime "8:56:42 PDT"]
[Termination "Tssunami won by checkmate"]

1. e4 c5 2. Nf3 e6 3. a3 Nc6 4.
Bb5 Nge7 5. O-O a6 6. Bxc6 Nxc6 7. b4 cxb4 8. d4 d5 9. Re1 dxe4 10. Rxe4 Be7 11. axb4 Nxb4 12. c4 O-O 13. Bb2 Bf6 14.
Ba3 Be7 15. Nc3 Bd7 16. d5 Re8 17. d6 Bc6 18. Bxb4 Bf6 19. Re3 b5 20. cxb5 axb5 21. Rxa8 Qxa8 22. Rd3 Rd8 23. d7 g6 24. h3 Qb7 25.
Ba5 Rxd7 26. Rxd7 Qxd7 27. Qxd7 Bxd7 28. Bb4 Bc6 29. Nd2 Bd4 30. Nce4 f6 31. Bc3 Bxc3 32. Nxc3 Kf7 33. Na2 Bd5 34. Nb4 Bb7 35. Nb3 Be4 36.
Nc5 Bb1 37. Kf1 Ke7 38. Ke2 Kd6 39. Nb3 Be4 40. f3 Bb7 41. Ke3 h5 42. Nd3 h4 43. Nd4 Bc6 44. Nxc6 Kxc6 45. Nf4 g5 46. Nxe6 b4 47. Kd4 b3 48. Kc3 Kd5 49. Ng7 Ke5 50. Nh5 f5 51. Kxb3 Kd4 52. Ng7 f4 53. Ne6+ Ke3 54. Nxg5 Kf2 55. Kc3 Kxg2 56. Kd4 Kg3 57.
Ke4 Kf2 58. Kxf4 Kg2 59. Kg4 Kh2 60. f4 Kg2 61. f5 Kh2 62. f6 Kg2 63. f7 Kh2 64.
f8=Q Kg2 65. Kxh4 Kg1 66. Kg4 Kg2 67. h4 Kg1 68. h5 Kg2 69. h6 Kg1 70. h7 Kg2 71. h8=Q Kg1 72. Qh4 Kg2 73. Qg3+ Kh1 74. Qh8# 1-0

[Event "Early-Titled-Tuesday-Blitz-October-03-2023"]
[Site "Chess.com"]
[Date "2023.10.03"]
[Round "5"]
[White "JiaHaoxiang"]
[Black "MatthewG-p4p"]
[Result "0-1"]
[WhiteElo "2618"]
[BlackElo "2834"]
[TimeControl "180+1"]
[EndTime "8:56:45 PDT"]
[Termination "MatthewG-p4p won by resignation"]

1. d4 Nf6 2. c4 c5 3. d5 e6 4. Nc3 exd5 5. cxd5 d6 6. Nf3 g6 7.
Bg5 Bg7 8. e3 h6 9. Bh4 O-O 10.
Be2 Na6 11. Nd2 Nc7 12. O-O Rb8 13. a4 b6 14. Nc4 Re8 15. Bg3 Bf8 16. Qc2 a6 17. Rfd1 Bf5 18. Bd3 Bxd3 19. Qxd3 Nh5 20.
Na3 Bg7 21. Rab1 Nxg3 22. hxg3 Qf6 23. Ne2 b5 24. axb5 axb5 25. b3 Qe5 26. Nf4 Qe4 27.
Qxe4 Rxe4 28. Nc2 b4 29. f3 Ree8 30. e4 Nb5 31. Rbc1 Nc3 32. Rd2 Ra8 33. Ne3 Bd4 34. Kf2 Ra3 35. Ne2 Nxe2 36. Kxe2 Rxb3 37. Nc4 Rd8 38.
Ra2 Bg7 39. Ra6 Bf8 40. Kd2 h5 41. g4 Bh6+ 42. g5 Bxg5+ 43. Kd1 Bxc1 44. Nxd6 Bf4 45. Nb7 Rc8 46. d6 c4 47. Ke2 Rd3 48. Rb6 b3 49. Rb5 Rd2+ 50. Ke1 b2 51. g3 Be3 52. d7 Rxd7 53. Rxb2 c3 54. Rb3 c2 55. Rxe3 c1=Q+ 56. Kf2 Rd2+ 0-1

[Event "Early-Titled-Tuesday-Blitz-October-03-2023"]
[Site "Chess.com"]
[Date "2023.10.03"]
[Round "5"]
[White "MatyChess1"]
[Black "hellokostya"]
[Result "1-0"]
[WhiteElo "2742"]
[BlackElo "2548"]
[TimeControl "180+1"]
[EndTime "8:56:45 PDT"]
[Termination "MatyChess1 won by checkmate"]

1. d4 Nf6 2. Bf4 g6 3. e3 Bg7 4.
Nf3 d6 5. h3 O-O 6. Be2 Nc6 7.
O-O e5 8. dxe5 Ne4 9. Nbd2 dxe5 10.
Bh2 Nd6 11. c3 Qe7 12. Nc4 Rd8 13. Nxd6 cxd6 14. e4 Be6 15. Bg3 Qc7 16. Ng5 Qe7 17.
Nxe6 Qxe6 18. Qb3 Qe7 19. Rfd1 Bf6 20. a4 Na5 21. Qb5 b6 22. b4 Nb7 23. Bc4 Qc7 24. Bd5 a6 25. Qd3 Rac8 26. Rac1 a5 27. h4 axb4 28.
cxb4 Qxc1 29. Rxc1 Rxc1+ 30. Kh2 Rc7 31. Qb5 Rb8 32.
Qxb6 Bd8 33. a5 Rcc8 34. Qa6 Rc7 35. Kh3 h5 36. Qb5 Rcc8 37. Qa6 Rc7 38. Qe2 Be7 39.
Qf3 Bf8 40. Qd3 Nd8 41. Qb3 Kg7 42. f3 Nc6 43. Bf2 Nxa5 44. bxa5 Rxb3 45. Bxb3 Rc3 46. Bd5 Ra3 47. Bb6 f5 48. Bb7 Rb3 49. Kh2 Be7 50. Bd5 Kf6 51. Bxb3 d5 52. Bxd5 Bd6 53. a6 fxe4 54.
Bxe4 Bb8 55. a7 Bxa7 56. Bxa7 g5 57. Bb6 gxh4 58. Kh3 Kg5 59. Be3+ Kf6 60. Kxh4 Ke6 61. Kxh5 Kf6 62. Kh6 Kf7 63. Kg5 Kf8 64. Kf5 Kg8 65. Kxe5 Kh8 66. g4 Kg7 67. f4 Kf8 68. Kf5 Ke8 69. Kg5 Kf8 70. Kg6 Kg8 71. Bd4 Kf8 72.
Bd5 Ke7 73. Be5 Kf8 74. f5 Ke8 75. Kf6 Kf8 76. g5 Ke8 77. g6 Kf8 78. g7+ Ke8 79.
g8=Q+ Kd7 80. Qf7+ Kd8 81. Qc7+ Ke8 82. Qf7+ Kd8 83.
Qc7+ Ke8 84. Bc6+ Kf8 85. Qf7# 1-0

[Event "Early-Titled-Tuesday-Blitz-October-03-2023"]
[Site "Chess.com"]
[Date "2023.10.03"]
[Round "5"]
[White "abc_xyz4744"]
[Black "CristianS27"]
[Result "1/2-1/2"]
[WhiteElo "2411"]
[BlackElo "2500"]
[TimeControl "180+1"]
[EndTime "8:56:47 PDT"]
[Termination "Game drawn by repetition"]

1. e4 e5 2. Nf3 Nc6 3. Bc4 Nf6 4.
d3 Bc5 5. c3 d6 6. Nbd2 a6 7. Bb3 Ba7 8. O-O Nh5 9. Re1 O-O 10.
Nf1 Qf6 11. Ng3 Nxg3 12. hxg3 Bg4 13. Be3 Bxe3 14. Rxe3 Ne7 15. Qd2 Ng6 16. Nh2 Be6 17. Rf3 Qe7 18. Re1 a5 19. Bxe6 fxe6 20. Nf1 a4 21. d4 exd4 22. cxd4 Qd7 23. Ne3 Qb5 24. Rc1 c6 25. Rxf8+ Rxf8 26. Nc4 d5 27. Nd6 Qb6 28. e5 h6 29. Rc3 Ne7 30. Ra3 c5 31. Rxa4 Nc6 32. dxc5 Qxc5 33. Rf4 Ra8 34. Nf7 Rxa2 35. Nxh6+ gxh6 36. Rg4+ Kf7 37. Qf4+ Ke8 38. Rg8+ Kd7 39. Rg7+ Ne7 40. Qxh6 Ra1+ 41. Kh2 Qc1 42. Rxe7+ Kxe7 43. Qg7+ Kd8 44. Qf8+ Kd7 45. Qd6+ Kc8 46. Qf8+ Kc7 47. Qd6+ Kc8 48. Qf8+ Kd7 49. Qd6+ Ke8 50. Qxe6+ Kd8 51. Qd6+ Kc8 52. Qf8+ Kd7 53. Qd6+ Ke8 54. Qe6+ Kf8 55. Qf6+ Kg8 56. Qg6+ Kh8 57. Qe8+ Kg7 58. Qe7+ Kg8 59. Qe8+ Kh7 60. Qf7+ Kh6 61. Qf6+ Kh5 62. Qh8+ Kg6 63.
Qf6+ Kh7 64. Qf7+ Kh6 65. Qf6+ Kh5 66. Qh4+ Kg6 67. Qf6+ Kh7 68. Qf7+ 1/2-1/2

[Event "Early-Titled-Tuesday-Blitz-October-03-2023"]
[Site "Chess.com"]
[Date "2023.10.03"]
[Round "5"]
[White "Larina_Maria"]
[Black "zverr1"]
[Result "0-1"]
[WhiteElo "2231"]
[BlackElo "2516"]
[TimeControl "180+1"]
[EndTime "8:56:49 PDT"]
[Termination "zverr1 won by resignation"]

1. e4 c5 2. Nc3 g6 3. g3 Bg7 4. Bg2 Nc6 5. d3 e6 6. Be3 d6 7. Qd2 Rb8 8. Nge2 b5 9. O-O Nge7 10. Bh6 O-O 11. Bxg7 Kxg7 12. f4 b4 13. Nd1 Bb7 14.
Ne3 f5 15. exf5 Nxf5 16. Nxf5+ gxf5 17. d4 cxd4 18. Nxd4 Qb6 19. Bxc6 Bxc6 20. Qe3 Bd5 21. Rf2 Rbe8 22. a3 bxa3 23. Rxa3 Kg8 24. b3 Be4 25. c4 e5 26. fxe5 dxe5 27. Qg5+ Kh8 28. Nb5 a6 29. Nc3 Qd4 30. Qd2 Qc5 31. Ra1 Rd8 32. Qe2 Qd4 33. Rc1 Bd3 34. Qh5 e4 35. Qh6 e3 36.
Re2 Bxe2 37. Nxe2 Qd2 38. Qh5 Qd3 39. Qf3 Qe4 40. Kg2 Qxf3+ 41. Kxf3 Rd2 42. Kxe3 Rb2 43. Rc3 Re8+ 44. Kf4 Rexe2 45. Kxf5 Rxh2 46. c5 Rh6 47. c6 Rf2+ 48. Kg4 Rf8 49. c7 Rc8 50. Rc5 Rg6+ 51. Kf5 Rg7 52. g4 Rgxc7 53. Rd5 Rc5 54. Ke6 Rxd5 55.
Kxd5 Rg8 56. g5 Rxg5+ 57. Ke6 Rb5 58. Ke7 Rxb3 59. Kf6 Rb1 0-1

[Event "Early-Titled-Tuesday-Blitz-October-03-2023"]
[Site "Chess.com"]
[Date "2023.10.03"]
[Round "5"]
[White "ShiroglanTalibov"]
[Black "sergoy"]
[Result "1-0"]
[WhiteElo "2907"]
[BlackElo "3021"]
[TimeControl "180+1"]
[EndTime "8:56:50 PDT"]
[Termination "ShiroglanTalibov won by checkmate"]

1. e4 c6 2. d4 d5 3. Nc3 dxe4 4. Nxe4 Nf6 5. Nxf6+ exf6 6. c3 Bd6 7. Bd3 O-O 8.
Ne2 Re8 9. O-O Nd7 10. Bf4 Nf8 11. Bxd6 Qxd6 12. Qd2 Ng6 13. Rfe1 Be6 14. Ng3 Qf4 15. Qxf4 Nxf4 16. Bc2 Rad8 17. f3 h5 18. h4 g6 19.
a3 Kg7 20. Rad1 f5 21. Kf2 Bc4 22. Nf1 Rxe1 23. Rxe1 c5 24. g3 Ne6 25. Ne3 Bb5 26. d5 f4 27. gxf4 Nxf4 28. c4 Bd7 29. Kg3 Nh3 30.
Rh1 Re8 31. Re1 Kf6 32. f4 Ng1 33. Kf2 Nh3+ 34. Kg3 Ng1 35. Bd3 a6 36. Kf2 Nh3+ 37. Kg3 b5 38. b3 bxc4 39. bxc4 Rb8 40. Bf1 Ng1 41. Bg2 Rb3 42. d6 Rxa3 43. Kh2 a5 44.
Kxg1 a4 45. Nd5+ Kg7 46. Re7 Be6 47. Nc7 Bf5 48. Bd5 Ra1+ 49. Kf2 a3 50. Rxf7+ Kh6 51.
Ne8 a2 52. Ra7 g5 53. fxg5+ Kg6 54. Bf7+ Kh7 55. Be6+ Kg6 56. Rg7# 1-0

[Event "Early-Titled-Tuesday-Blitz-October-03-2023"]
[Site "Chess.com"]
[Date "2023.10.03"]
[Round "5"]
[White "Abund"]
[Black "MikaelyanArman"]
[Result "0-1"]
[WhiteElo "2774"]
[BlackElo "2867"]
[TimeControl "180+1"]
[EndTime "8:56:52 PDT"]
[Termination "MikaelyanArman won by checkmate"]

1. e4 e5 2. Nf3 Nc6 3. Bb5 a6 4. Ba4 Nf6 5. d3 b5 6. Bb3 Be7 7. a4 Rb8 8. axb5 axb5 9. Nc3 O-O 10. Nd5 d6 11. c3 b4 12. Bc4 bxc3 13. bxc3 Nd7 14. Be3 Nb6 15. Bxb6 cxb6 16. Bb5 Na5 17. O-O Be6 18. Re1 Bxd5 19. exd5 Rc8 20. c4 f5 21. h3 Bf6 22. Ra2 Qe7 23. Nd4 Bh4 24. Ne6 Rf7 25. Rb2 Rb8 26. Qf3 g6 27. Reb1 Bf6 28. Qe3 e4 29. Re2 exd3 30. Qxd3 Qb7 31. Rbe1 Rc8 32. g4 fxg4 33. hxg4 Be5 34. Re4 Qe7 35. f4 Qh4 36. Qe2 Bc3 37. Rf1 Nb3 38.
Rf3 Nd2 39. Rxc3 Nxe4 40. Qxe4 Qxg4+ 41. Kh2 Qh4+ 42. Rh3 Qf2+ 43. Qg2 Qe1 44. Rg3 Ra8 45. f5 Qe5 46. Kh1 Ra1+ 47. Kh2 Ra3 48. Kh3 Rxg3+ 49. Qxg3 Qxf5+ 50. Kh2 Qf1 51. Qg2 Rf2 52. Qxf2 Qxf2+ 53.
Kh3 h5 54. Ng5 Qe3+ 55. Kh4 Qf4+ 56. Kh3 Qxg5 57. Bd7 Qe3+ 58. Kh4 Qd4+ 59. Kg5 Kg7 60. Be6 Qf6# 0-1

[Event "Early-Titled-Tuesday-Blitz-October-03-2023"]
[Site "Chess.com"]
[Date "2023.10.03"]
[Round "5"]
[White "MMAHDI2013"]
[Black "ArmanGhevondyanchess"]
[Result "1-0"]
[WhiteElo "2415"]
[BlackElo "2562"]
[TimeControl "180+1"]
[EndTime "8:56:52 PDT"]
[Termination "MMAHDI2013 won by resignation"]

1. c4 Nf6 2. Nf3 g6 3. b3 Bg7 4. Bb2 O-O 5. g3 d5 6. cxd5 Qxd5 7.
Nc3 Qa5 8. Bg2 Nc6 9. O-O Qh5 10. Rc1 Rd8 11. Na4 e5 12. Rc5 Ne4 13. Rc4 Bf5 14.
h3 Qh6 15. d3 Na5 16. Bc1 g5 17. Rxe4 Bxe4 18. Bxg5 Qh5 19. Bxd8 Rxd8 20. Qe1 Bxf3 21.
Bxf3 Qxh3 22. Qxa5 Rd6 23. Bg2 Qh5 24. Qb4 Rh6 25.
Rc1 c6 26. Qe4 Qh2+ 27. Kf1 Rf6 28. Qe3 Bh6 29. Qxe5 Re6 30. Qb8+ Kg7 31. Rc4 Qh5 32. Bf3 Qh3+ 33. Ke1 Qh2 34. Rg4+ Rg6 35. Rxg6+ hxg6 36. Qe5+ Kh7 37. e3 Qg1+ 38. Ke2 Qb1 39. Be4 Qc2+ 40. Kf3 Qd1+ 41. Kg2 Qd2 42. Qe7 Kg8 43. Qe8+ Kg7 44. Qe5+ Kg8 45. Qd4 b6 46. Bxc6 Bg7 47.
Qe4 Qc2 48. Bd5 Qc8 49. Qf4 Qc7 50. Qxf7+ Qxf7 51. Bxf7+ Kxf7 52. d4 Ke6 53. Nc3 Bf8 54. Kf3 Bb4 55. Ne2 a5 56. Ke4 b5 57. f4 Kf7 58. g4 Ke6 59. f5+ gxf5+ 60. gxf5+ Kf6 61. d5 Bc5 62. Nd4 Bd6 63. Nxb5 Bc5 64. d6 Kf7 65.
Kd5 Ke8 66. Kxc5 1-0

[Event "Early-Titled-Tuesday-Blitz-October-03-2023"]
[Site "Chess.com"]
[Date "2023.10.03"]
[Round "5"]
[White "Leonid_Starozhilov"]
[Black "Journey_to_GrandMaster_YT"]
[Result "1/2-1/2"]
[WhiteElo "2747"]
[BlackElo "2571"]
[TimeControl "180+1"]
[EndTime "8:56:53 PDT"]
[Termination "Game drawn by repetition"]

1. Nf3 d6 2. c4 Nf6 3. Nc3 e5 4. g3 Nbd7 5. Bg2 c6 6. O-O Be7 7. d3 O-O 8. e4 a5 9. a3 Nc5 10. h3 Ne8 11. d4 exd4 12. Nxd4 g6 13. Bh6 Ng7 14. b4 axb4 15. axb4 Rxa1 16. Qxa1 Nd3 17.
Qb1 Ne5 18. Qb3 Be6 19. Nxe6 fxe6 20. f4 Nf7 21. Bxg7 Kxg7 22. Kh2 Qb6 23. c5 dxc5 24.
Qxe6 cxb4 25. Nd5 Qd8 26. Qxe7 cxd5 27. Qxb7 dxe4 28. Qxb4 Re8 29. Bxe4 Qf6 30. Bg2 Re2 31. Re1 Rb2 32. Qe7 Qc6 33. Re2 Qc3 34. Rxb2 Qxb2 35. g4 Qd4 36. Kg3 Qc3+ 37. Bf3 h6 38. Qe2 Qa1 39. Qf2 Qc3 40. h4 Qa1 41. Kg2 Qf6 42. Bd5 Qd6 43. Bxf7 Kxf7 44. Qf3 Qd2+ 45. Kg3 Qe1+ 46.
Kh3 Qg1 47. f5 g5 48. hxg5 hxg5 49. Qd5+ Kf8 50. Qd6+ Ke8 51. Qg6+ Kd7 52. Qxg5 Qh1+ 53. Kg3 Qg1+ 54. Kf3 Qf1+ 55. Ke4 Qc4+ 56. Kf3 Qf1+ 57. Ke4 Qc4+ 58. Kf3 Qf1+ 1/2-1/2

[Event "Early-Titled-Tuesday-Blitz-October-03-2023"]
[Site "Chess.com"]
[Date "2023.10.03"]
[Round "5"]
[White "chess94cu"]
[Black "Artemiki"]
[Result "0-1"]
[WhiteElo "2653"]
[BlackElo "2264"]
[TimeControl "180+1"]
[EndTime "8:56:56 PDT"]
[Termination "Artemiki won by checkmate"]

1. Nf3 Nf6 2. c4 c5 3. Nc3 d6 4. g3 Nc6 5. Bg2 g6 6. d4 Bg4 7. d5 Bxf3 8. exf3 Ne5 9. Qe2 Bg7 10. f4 Ned7 11. O-O O-O 12. Qc2 Re8 13. b3 Rb8 14. Bb2 a6 15. a4 Nb6 16. Rfe1 Na8 17. f5 Nc7 18. fxg6 hxg6 19. Ne4 Nxe4 20. Bxg7 Kxg7 21.
Rxe4 e5 22. dxe6 Nxe6 23. Rae1 Qf6 24. Qd3 Rbd8 25. h4 Kf8 26. Bh3 Nd4 27. Kg2 Re5 28.
Rxe5 dxe5 29. Qe4 Qc6 30. Qxc6 Nxc6 31. Re3 f6 32. Kf1 Rd1+ 33. Ke2 Rb1 34. Kd2 Nd4 35.
Kc3 Rxb3+ 36. Kd2 Rb2+ 37. Kd3 Rxf2 38. Ke4 Ra2 39. Kd5 Rxa4 40. Kxc5 Ra1 41. Bc8 Rb1 42. Kd6 b5 43. c5 Rc1 44. g4 b4 45. Be6 Nxe6 46. Kxe6 Rxc5 47. Kxf6 Rc6+ 48. Kxe5 a5 49. Kd5 Rb6 50. Kc4 a4 51. h5 gxh5 52. gxh5 Kg7 53.
Re7+ Kh6 54. Ra7 b3 55. Rxa4 b2 56. Rb4 Rxb4+ 57. Kxb4 b1=Q+ 58. Kc4 Qf5 59. Kd4 Kxh5 60. Kc3 Kg5 61. Kb3 Kf6 62. Ka2 Qe5 63. Ka3 Ke6 64.
Ka4 Kd6 65. Kb4 Qc5+ 66. Ka4 Qb6 67. Ka3 Kc5 68. Ka4 Kc4 69. Ka3 Qb3# 0-1

[Event "Early-Titled-Tuesday-Blitz-October-03-2023"]
[Site "Chess.com"]
[Date "2023.10.03"]
[Round "5"]
[White "TatjanaVasilevich"]
[Black "BardArtem"]
[Result "0-1"]
[WhiteElo "2584"]
[BlackElo "2769"]
[TimeControl "180+1"]
[EndTime "8:56:59 PDT"]
[Termination "BardArtem won by checkmate"]

1. Nf3 d5 2. b3 Nf6 3. Bb2 c6 4. g3 Bf5 5. Bg2 h6 6. O-O e6 7. d3 Be7 8. Nbd2 O-O 9. Re1 Bh7 10. e4 a5 11. a4 Na6 12. e5 Nd7 13. Nd4 Bc5 14. N2f3 Qb6 15. c3 Rac8 16. Ba3 Bxa3 17. Rxa3 Nac5 18. Bf1 Rce8 19. Nc2 f6 20. b4 axb4 21.
cxb4 Na6 22. b5 cxb5 23. axb5 Nc7 24. d4 Be4 25. Qd2 Nxb5 26. Rb3 Bxf3 27. Rxf3 fxe5 28. Rb3 Nxd4 29. Rxb6 Nf3+ 30. Kg2 Nxd2 31. Rxb7 Nc5 32. Rb5 Nce4 33. f3 Rxf3 34. Be2 Rf2+ 35. Kg1 Nf3+ 36. Bxf3 Rxf3 37. Ne3 Rc8 38. Rb2 Rc3 39. Ng4 Rf5 40.
Rbe2 Rg5 41. Ne3 h5 42. Ng2 Rf5 43. Nh4 Rf6 44. Ng2 g5 45. Ne3 Kg7 46. Ng2 Kg6 47. Ne3 g4 48. Ng2 Ng5 49. Nh4+ Kh6 50. Rxe5 Nf3+ 51.
Nxf3 gxf3 52. Rxe6 f2+ 53. Kg2 fxe1=Q 54. Rxf6+ Kg7 55.
Rf4 Qe2+ 56. Kh3 Rc4 57. Rf5 Qg4+ 58. Kg2 Rc2+ 59. Rf2 Qe4+ 60. Kg1 Qe3 61. Kh1 Qxf2 62. g4 Qxh2# 0-1

[Event "Early-Titled-Tuesday-Blitz-October-03-2023"]
[Site "Chess.com"]
[Date "2023.10.03"]
[Round "5"]
[White "ChessLover0108"]
[Black "dropstoneDP"]
[Result "1-0"]
[WhiteElo "2930"]
[BlackElo "3114"]
[TimeControl "180+1"]
[EndTime "8:57:01 PDT"]
[Termination "ChessLover0108 won by resignation"]

1. Nf3 d5 2. d4 Nf6 3. c4 e6 4. Nc3 Be7 5. Bf4 O-O 6. e3 c5 7. dxc5 Bxc5 8. a3 Nc6 9. Qc2 Qa5 10. Nd2 Bb4 11. Rc1 Bxc3 12. Qxc3 Qxc3 13. Rxc3 e5 14. Bg5 d4 15. Rc1 Bf5 16. Bxf6 gxf6 17. e4 Be6 18. c5 f5 19. Bd3 fxe4 20. Bxe4 f5 21. Bxc6 bxc6 22.
Nf3 Rab8 23. b4 a5 24. Nxe5 Bd5 25. Nd3 Be4 26. Kd2 Bxd3 27. Kxd3 axb4 28. a4 b3 29. Rc4 b2 30. Rb1 Rb3+ 31. Kc2 Rfb8 32. Rxd4 Kf7 33. Rd7+ Kf6 34. Rd6+ Kg5 35. Rxc6 R3b4 36. Rb6 Rc4+ 37. Kd3 Rc1 38. Rxb8 Rxb1 39. Kc2 Ra1 40. Kxb2 Rxa4 41. Kb3 Ra1 42. Kc4 Kf6 43. Kd5 Ra2 44. c6 Rd2+ 45. Kc5 Rc2+ 46. Kb6 Rb2+ 47. Kc7 Rxf2 48.
Rg8 f4 49. Rg4 h5 50. Rg8 h4 51. h3 Ke7 52. Rg4 Ke6 53. Kc8 Kf5 54. c7 Rc2 55.
Kd8 Rd2+ 56. Kc8 Rc2 57. Rg8 Ke4 58. Rg7 f3 59. gxf3+ Kxf3 60. Kd8 Rd2+ 61. Rd7 Rc2 62. c8=Q Rxc8+ 63. Kxc8 Ke3 1-0

[Event "Early-Titled-Tuesday-Blitz-October-03-2023"]
[Site "Chess.com"]
[Date "2023.10.03"]
[Round "5"]
[White "szachuspl"]
[Black "AlexPapasimakopoulos"]
[Result "1-0"]
[WhiteElo "2532"]
[BlackElo "2701"]
[TimeControl "180+1"]
[EndTime "8:57:03 PDT"]
[Termination "szachuspl won on time"]

1. d4 e6 2. c4 Nf6 3. Nf3 Bb4+ 4. Bd2 Qe7 5. e3 O-O 6. Be2 b6 7. O-O Bb7 8. Nc3 Bxc3 9. Bxc3 Ne4 10. Qc2 f5 11. Rfd1 d6 12. d5 Nxc3 13. Qxc3 e5 14. b4 a5 15. a3 Nd7 16. Nd2 f4 17. Bg4 fxe3 18. Qxe3 Kh8 19. Bxd7 Qxd7 20. Ne4 axb4 21. axb4 Qf5 22. Rxa8 Rxa8 23. h3 Rd8 24. f3 h6 25.
Ra1 b5 26. Ra7 Qc8 27. cxb5 Bxd5 28. b6 cxb6 29. Nf6 Bb7 30. Ng4 h5 31. Nf2 Rf8 32. Kh2 b5 33. Qg5 Kg8 34. Qxh5 Qb8 35. Ra1 d5 36. Re1 e4+ 37. Kg1 exf3 38. Qe5 Qxe5 39. Rxe5 fxg2 40. Kxg2 d4+ 41. Kg1 Rd8 42. Rxb5 Ba6 43.
Ra5 Be2 44. Ra2 d3 45. Rd2 Rd4 46. b5 Rd6 47. Kg2 Rg6+ 48. Kh2 Rd6 49. Kg3 Kf7 50. Kf4 Kf6 51. Ke3 Ke5 52. Nxd3+ Bxd3 53. Rxd3 Rh6 54. Kd2 Ke4 55. Rb3 Rb6 56. Kc3 Kd5 57. Kb4 Kd6 58.
Rg3 Rb8 59. Rxg7 Rh8 60. Rg3 Kc7 61. Ka5 Kb7 62. Rg7+ Kb8 63. Ka6 Ka8 64. b6 Kb8 65. h4 1-0